| TOP OF THE 1ST |
|
University of California Golden Bears batting - Pitching for Washington State University Cougars : RHP Jalen Young
|
|
Pitching: RHP Jalen Young
|
|
|
Batting: SHB Javon Mitchell
|
0-0: Ball 1-0: Called Strike 1-1: Called Strike 1-2: Strikes out swinging
|
|
Batting: RHB Ryan Roberts
|
0-0: Called Strike 0-1: Ball 1-1: Ball 2-1: Fly out, F9 (Line Drive, 9D, EV 100.0 MPH)
|
|
Batting: RHB Tony Harper
|
0-0: Ball 1-0: Ball 2-0: Called Strike 2-1: DOUBLE (Line Drive, 9LM, EV 111.9 MPH)
|
|
Batting: RHB Tommy Hunter
|
0-0: Ball 1-0: Ball 2-0: Ball 3-0: Called Strike 3-1: Called Strike 3-2: Strikes out looking
|
| Top of the 1st over - 0 runs, 1 hit, 0 errors, 1 left on base; University of California 0 - Washington State University 0 |
| BOTTOM OF THE 1ST |
|
Washington State University Cougars batting - Pitching for University of California Golden Bears : LHP Frank Vazquez
|
|
Pitching: LHP Frank Vazquez
|
|
|
Batting: RHB Margh Couch
|
0-0: Foul Ball, location: 2F 0-1: Foul Ball, location: 2F 0-2: Ball 1-2: Ground out 6-3 (Groundball, 6MS, EV 93.1 MPH)
|
|
Batting: RHB Nick Deegan
|
0-0: Called Strike 0-1: Foul Ball, location: 2F 0-2: Ground out 6-3 (Groundball, 56, EV 100.6 MPH)
|
|
Batting: SHB Salvador Padilla
|
0-0: Ball 1-0: Called Strike 1-1: SINGLE (Line Drive, 78S, EV 106.9 MPH)
|
|
Batting: RHB Gebre-Giorgios Wangondu
|
0-0: SINGLE (Groundball, 4MS, EV 65.0 MPH) (infield hit) Salvador Padilla to second
|
|
Batting: RHB Makoto Narita
|
0-0: Foul Ball, location: 2F 0-1: Ball 1-1: Ball 2-1: Ball 3-1: Foul Ball, location: 2F 3-2: Foul Ball, location: 2F 3-2: Base on Balls Salvador Padilla to third Gebre-Giorgios Wangondu to second
|
|
Batting: LHB Mike East
|
0-0: Ball 1-0: Fly out, F8 (Line Drive, 8RM, EV 100.6 MPH)
|
| Bottom of the 1st over - 0 runs, 2 hits, 0 errors, 3 left on base; University of California 0 - Washington State University 0 |
| TOP OF THE 2ND |
|
University of California Golden Bears batting - Pitching for Washington State University Cougars : RHP Jalen Young
|
|
Batting: RHB Dan Myers
|
0-0: Ball 1-0: SINGLE (Groundball, 56, EV 95.6 MPH) (infield hit)
|
|
Batting: LHB Dean Luttman
|
0-0: Called Strike 0-1: Ball 1-1: Fly out, F8 (Line Drive, 8RD, EV 96.9 MPH)
|
|
Batting: RHB Gojko Golob
|
0-0: Ball Dan Myers steals 2nd base 1-0: Foul Ball, location: 2F 1-1: Foul Ball, location: 2F 1-2: Foul Ball, location: 2F 1-2: Ball 2-2: Ball 3-2: SINGLE (Groundball, 56D, EV 104.4 MPH) Dan Myers to third Runner from 3rd tries for Home, SAFE, throw by LF to home
|
|
Batting: RHB Omar Amaya
|
0-0: Foul Ball, location: 2F 0-1: Called Strike 0-2: Foul Ball, location: 2F 0-2: Ball 1-2: Ball 2-2: Foul Ball, location: 2F 2-2: Ball 3-2: Foul Ball, location: 2F 3-2: Grounds into double play, 3-6-3 (Groundball, 3, EV 91.9 MPH)
|
| Top of the 2nd over - 1 run, 2 hits, 0 errors, 0 left on base; University of California 1 - Washington State University 0 |
| BOTTOM OF THE 2ND |
|
Washington State University Cougars batting - Pitching for University of California Golden Bears : LHP Frank Vazquez
|
|
Batting: RHB David Martin
|
0-0: Swinging Strike 0-1: Called Strike 0-2: Ball 1-2: Strikes out swinging
|
|
Batting: RHB Ramão Felgueira
|
0-0: Called Strike 0-1: Called Strike 0-2: Ball 1-2: Foul Ball, location: 2F 1-2: Foul Ball, location: 2F 1-2: Ball 2-2: Ball 3-2: Strikes out swinging
|
|
Batting: RHB Alex Arzate
|
0-0: Called Strike 0-1: Ball 1-1: Foul Ball, location: 2F 1-2: Foul Ball, location: 2F 1-2: Strikes out looking
|
| Bottom of the 2nd over - 0 runs, 0 hits, 0 errors, 0 left on base; University of California 1 - Washington State University 0 |
| TOP OF THE 3RD |
|
University of California Golden Bears batting - Pitching for Washington State University Cougars : RHP Jalen Young
|
|
Batting: LHB Yomas Rodriguez
|
0-0: Called Strike 0-1: Ball 1-1: Ball 2-1: Ball 3-1: Called Strike 3-2: Base on Balls
|
|
Batting: SHB Javon Mitchell
|
0-0: Called Strike 0-1: Ball 1-1: Foul Ball, location: 2F 1-2: Foul Ball, location: 2F 1-2: Foul Ball, location: 2F 1-2: Ball 2-2: Foul Ball, location: 2F 2-2: Ball 3-2: Base on Balls Yomas Rodriguez to second
|
|
Batting: RHB Ryan Roberts
|
0-0: Called Strike 0-1: Ball 1-1: Called Strike 1-2: Fly out, F4 (Popup, 4S, EV 72.5 MPH)
|
|
Batting: RHB Tony Harper
|
0-0: Ball 1-0: Called Strike 1-1: Foul Ball, location: 2F 1-2: Foul Ball, location: 2F 1-2: Strikes out swinging
|
|
Batting: RHB Tommy Hunter
|
0-0: Swinging Strike 0-1: Ball 1-1: Ball 2-1: Swinging Strike 2-2: SINGLE (Groundball, 4M, EV 97.5 MPH) (infield hit) Yomas Rodriguez to third Javon Mitchell to second
|
|
Batting: RHB Dan Myers
|
0-0: Ball 1-0: Ball 2-0: Ground out U3 (Groundball, 34, EV 80.0 MPH)
|
| Top of the 3rd over - 0 runs, 1 hit, 0 errors, 3 left on base; University of California 1 - Washington State University 0 |
| BOTTOM OF THE 3RD |
|
Washington State University Cougars batting - Pitching for University of California Golden Bears : LHP Frank Vazquez
|
|
Batting: RHB Margh Couch
|
0-0: Called Strike 0-1: Fly out, F7 (Line Drive, 7S, EV 98.8 MPH)
|
|
Batting: RHB Nick Deegan
|
0-0: Ball 1-0: Ball 2-0: Ball 3-0: Base on Balls
|
|
Batting: SHB Salvador Padilla
|
0-0: Called Strike 0-1: Ball 1-1: Ball 2-1: Fly out, F8 (Line Drive, 8RM, EV 92.5 MPH)
|
|
Batting: RHB Gebre-Giorgios Wangondu
|
0-0: SINGLE (Line Drive, 8LS, EV 93.8 MPH) Nick Deegan to second
|
|
Batting: RHB Makoto Narita
|
0-0: Ball 1-0: Ball 2-0: Called Strike 2-1: Ball 3-1: Called Strike 3-2: SINGLE (Flyball, 89S, EV 85.0 MPH) Nick Deegan to third Gebre-Giorgios Wangondu to second Nick Deegan scores Gebre-Giorgios Wangondu to third
|
|
Batting: LHB Mike East
|
0-0: Foul Ball, location: 2F 0-1: Ball 1-1: Ball 2-1: Fielders Choice at 2nd, 6-4 (Groundball, 6D, EV 103.8 MPH)
|
| Bottom of the 3rd over - 1 run, 2 hits, 0 errors, 2 left on base; University of California 1 - Washington State University 1 |
| TOP OF THE 4TH |
|
University of California Golden Bears batting - Pitching for Washington State University Cougars : RHP Jalen Young
|
|
Batting: LHB Dean Luttman
|
0-0: Called Strike 0-1: Foul Ball, location: 2F 0-2: Ground out 4-3 (Groundball, 4, EV 86.3 MPH)
|
|
Batting: RHB Gojko Golob
|
0-0: Foul Ball, location: 2F 0-1: Foul Ball, location: 2F 0-2: Strikes out looking
|
|
Batting: RHB Omar Amaya
|
0-0: Called Strike 0-1: Ball 1-1: Ball 2-1: Ball 3-1: Ground out 6-3 (Groundball, 6, EV 98.8 MPH)
|
| Top of the 4th over - 0 runs, 0 hits, 0 errors, 0 left on base; University of California 1 - Washington State University 1 |
| BOTTOM OF THE 4TH |
|
Washington State University Cougars batting - Pitching for University of California Golden Bears : LHP Frank Vazquez
|
|
Batting: RHB David Martin
|
0-0: Ball 1-0: Ball 2-0: Foul Ball, location: 2F 2-1: Ball 3-1: Foul Ball, location: 2F 3-2: Foul Ball, location: 2F 3-2: Strikes out swinging
|
|
Batting: RHB Ramão Felgueira
|
0-0: Fly out, F7 (Flyball, 7S, EV 83.8 MPH)
|
|
Batting: RHB Alex Arzate
|
0-0: SINGLE (Flyball, 8LS, EV 92.5 MPH)
|
|
Batting: RHB Margh Couch
|
0-0: DOUBLE (Line Drive, 7LD, EV 101.3 MPH) Alex Arzate to third Runner from 3rd tries for Home, SAFE, throw by LF to trailing runner, OUT at third! 7-3-5
|
| Bottom of the 4th over - 1 run, 2 hits, 0 errors, 0 left on base; University of California 1 - Washington State University 2 |
| TOP OF THE 5TH |
|
University of California Golden Bears batting - Pitching for Washington State University Cougars : RHP Jalen Young
|
|
Pitching: RHP Clyde Miller
|
|
|
Batting: LHB Yomas Rodriguez
|
0-0: Ball 1-0: Called Strike 1-1: Ball 2-1: Ball 3-1: Base on Balls
|
|
Batting: SHB Javon Mitchell
|
|
|
Pinch Hitting: RHB Timoleon Tsikouna
|
0-0: Grounds into double play, 5-4-3 (Groundball, 56, EV 83.8 MPH)
|
|
Batting: RHB Ryan Roberts
|
0-0: Ball 1-0: Ball 2-0: Ground out 6-3 (Groundball, 6M, EV 89.4 MPH)
|
| Top of the 5th over - 0 runs, 0 hits, 0 errors, 0 left on base; University of California 1 - Washington State University 2 |
| BOTTOM OF THE 5TH |
|
Washington State University Cougars batting - Pitching for University of California Golden Bears : LHP Frank Vazquez
|
|
Pitching: RHP Miguel Montelongo
|
|
|
Now at SS: Timoleon Tsikouna
|
|
|
Batting: RHB Nick Deegan
|
0-0: Foul Ball, location: 2F 0-1: Ball 1-1: Ball 2-1: Ball 3-1: Base on Balls
|
|
Batting: SHB Salvador Padilla
|
0-0: Ball 1-0: Swinging Strike 1-1: Ball 2-1: Fly out, F9 (Line Drive, 9D, EV 93.1 MPH)
|
|
Batting: RHB Gebre-Giorgios Wangondu
|
0-0: Called Strike 0-1: Fly out, F3 (Popup, 23, EV 86.3 MPH)
|
|
Batting: RHB Makoto Narita
|
0-0: Called Strike 0-1: Ball 1-1: Ball 2-1: Foul Ball, location: 2F 2-2: Foul Ball, location: 2F 2-2: Foul Ball, location: 2F 2-2: Strikes out swinging
|
| Bottom of the 5th over - 0 runs, 0 hits, 0 errors, 1 left on base; University of California 1 - Washington State University 2 |
| TOP OF THE 6TH |
|
University of California Golden Bears batting - Pitching for Washington State University Cougars : RHP Clyde Miller
|
|
Batting: RHB Tony Harper
|
0-0: Called Strike 0-1: Ball 1-1: Foul Ball, location: 2F 1-2: Foul Ball, location: 2F 1-2: Ball 2-2: Fly out, F9 (Line Drive, 9S, EV 103.1 MPH)
|
|
Batting: RHB Tommy Hunter
|
0-0: Ball 1-0: Ground out 6-3 (Groundball, 6, EV 102.5 MPH)
|
|
Batting: RHB Dan Myers
|
0-0: Called Strike 0-1: Called Strike 0-2: Ball 1-2: Strikes out looking
|
| Top of the 6th over - 0 runs, 0 hits, 0 errors, 0 left on base; University of California 1 - Washington State University 2 |
| BOTTOM OF THE 6TH |
|
Washington State University Cougars batting - Pitching for University of California Golden Bears : RHP Miguel Montelongo
|
|
Batting: LHB Mike East
|
0-0: Ball 1-0: Foul Ball, location: 2F 1-1: Ball 2-1: Ball 3-1: Called Strike 3-2: Base on Balls
|
|
Batting: RHB David Martin
|
0-0: Ball 1-0: SINGLE (Groundball, 6D, EV 97.5 MPH) Mike East to second
|
|
Batting: RHB Ramão Felgueira
|
0-0: Fly out, F7 (Flyball, 7, EV 87.5 MPH)
|
|
Batting: RHB Alex Arzate
|
0-0: Foul Ball, location: 2F 0-1: Ball 1-1: Ball 2-1: Foul Ball, location: 2F 2-2: Strikes out swinging
|
|
Pitching: RHP Emmanuel Londono
|
|
|
Pinch Hitting: SHB Steve DeRienzo
|
0-0: Foul Ball, location: 2F 0-1: Ball 1-1: Swinging Strike 1-2: Ball 2-2: Strikes out swinging
|
| Bottom of the 6th over - 0 runs, 1 hit, 0 errors, 2 left on base; University of California 1 - Washington State University 2 |
| TOP OF THE 7TH |
|
University of California Golden Bears batting - Pitching for Washington State University Cougars : RHP Clyde Miller
|
|
Pitching: RHP Gorgonio Sigua
|
|
|
Now in LF: Mike East
|
|
|
Now in CF: Gebre-Giorgios Wangondu
|
|
|
Now in RF: Steve DeRienzo
|
|
|
Batting: LHB Dean Luttman
|
0-0: Ball 1-0: SINGLE (Line Drive, 8LM, EV 104.4 MPH)
|
|
Batting: RHB Gojko Golob
|
0-0: Swinging Strike 0-1: Ball 1-1: Ball 2-1: SINGLE (Flyball, 8LS, EV 96.9 MPH) Dean Luttman to second
|
|
Pinch Hitting: RHB Devon Dill
|
0-0: Ball 1-0: Sac Bunt to 2R - play at first, batter OUT! 2-4 Dean Luttman to third Gojko Golob to second
|
|
Pinch Hitting: LHB Dean Bloemendal
|
Balk! Dean Luttman scores Gojko Golob to third 0-0: Called Strike 0-1: Fly out, F3 (Popup, 3F, EV 65.0 MPH)
|
|
Batting: RHB Timoleon Tsikouna
|
0-0: Called Strike 0-1: Ball 1-1: Foul Ball, location: 2F 1-2: Ground out 4-3 (Groundball, 34, EV 85.0 MPH)
|
| Top of the 7th over - 1 run, 2 hits, 0 errors, 1 left on base; University of California 2 - Washington State University 2 |
| BOTTOM OF THE 7TH |
|
Washington State University Cougars batting - Pitching for University of California Golden Bears : RHP Emmanuel Londono
|
|
Now at 2B: Devon Dill
|
|
|
Now in CF: Dean Bloemendal
|
|
|
Pinch Hitting: LHB Josh Aerni
|
0-0: Called Strike 0-1: Ball 1-1: SINGLE (Line Drive, 9S, EV 106.9 MPH)
|
|
Batting: RHB Johnny Lowe
|
0-0: Called Strike 0-1: Called Strike 0-2: Foul Ball, location: 2F 0-2: Ball 1-2: Ball 2-2: Ball 3-2: Foul Ball, location: 2F 3-2: Foul Ball, location: 2F 3-2: Fielders Choice at 2nd, 5-4 (Groundball, 56, EV 101.3 MPH)
|
|
Pinch Hitting: RHB Melvin Durland
|
0-0: Ball 1-0: Ball 2-0: Called Strike 2-1: Fielders Choice at 2nd, 1-6 (Groundball, 13S, EV 60.6 MPH)
|
|
Batting: RHB Makoto Narita
|
0-0: Ball 1-0: Foul Ball, location: 2F 1-1: Called Strike 1-2: Ball 2-2: Hit by Pitch Melvin Durland to second
|
|
Pitching: LHP Jayden Carey
|
|
|
Pinch Hitting: RHB Larry Martell
|
0-0: Ball 1-0: Called Strike 1-1: Ball 2-1: Foul Ball, location: 2F 2-2: Ball 3-2: Base on Balls Melvin Durland to third Makoto Narita to second
|
|
Batting: RHB David Martin
|
0-0: Foul Ball, location: 2F 0-1: Ball Wild Pitch! Melvin Durland scores Makoto Narita to third Larry Martell to second 1-1: Foul Ball, location: 2F 1-2: Strikes out swinging
|
| Bottom of the 7th over - 1 run, 1 hit, 0 errors, 2 left on base; University of California 2 - Washington State University 3 |
| TOP OF THE 8TH |
|
University of California Golden Bears batting - Pitching for Washington State University Cougars : RHP Gorgonio Sigua
|
|
Pitching: RHP Juan Luna
|
|
|
Now at 2B: Makoto Narita
|
|
|
Now at 3B: Melvin Durland
|
|
|
Now in LF: Ian Ladd
|
|
|
Now in CF: Larry Martell
|
|
|
Batting: RHB Luis Monita
|
0-0: Swinging Strike 0-1: Ball 1-1: Foul Ball, location: 2F 1-2: Strikes out swinging
|
|
Batting: RHB Tony Harper
|
0-0: SINGLE (Line Drive, 89S, EV 91.9 MPH)
|
|
Batting: RHB Tommy Hunter
|
0-0: Grounds into double play, 4-6-3 (Groundball, 4S, EV 78.8 MPH)
|
| Top of the 8th over - 0 runs, 1 hit, 0 errors, 0 left on base; University of California 2 - Washington State University 3 |
| BOTTOM OF THE 8TH |
|
Washington State University Cougars batting - Pitching for University of California Golden Bears : LHP Jayden Carey
|
|
Batting: RHB Ramão Felgueira
|
0-0: Called Strike 0-1: Swinging Strike 0-2: Foul Ball, location: 2F 0-2: Strikes out looking
|
|
Batting: RHB Alex Arzate
|
0-0: Ball 1-0: Ball 2-0: SINGLE (Groundball, 56D, EV 108.8 MPH)
|
|
Batting: SHB Steve DeRienzo
|
0-0: Ball 1-0: Swinging Strike 1-1: Called Strike 1-2: Foul Ball, location: 2F 1-2: Strikes out swinging
|
|
Batting: RHB Ian Ladd
|
0-0: Called Strike 0-1: Fly out, F9 (Flyball, 9, EV 89.4 MPH)
|
| Bottom of the 8th over - 0 runs, 1 hit, 0 errors, 1 left on base; University of California 2 - Washington State University 3 |
| TOP OF THE 9TH |
|
University of California Golden Bears batting - Pitching for Washington State University Cougars : RHP Juan Luna
|
|
Pitching: RHP Jesus Lopez
|
|
|
Now at 3B: Sam Callahan
|
|
|
Now in LF: Larry Martell
|
|
|
Now in CF: Melvin Durland
|
|
|
Batting: RHB Dan Myers
|
0-0: SINGLE (Line Drive, 9LM, EV 104.4 MPH)
|
|
Batting: LHB Dean Luttman
|
0-0: Ball 1-0: Sac Bunt to P - play at first, batter OUT! 1-4 Dan Myers to second
|
|
Batting: RHB Gojko Golob
|
0-0: Ball 1-0: Called Strike 1-1: Called Strike 1-2: Strikes out swinging
|
|
Batting: RHB Devon Dill
|
0-0: Ball 1-0: Called Strike 1-1: Called Strike 1-2: Foul Ball, location: 2F 1-2: Ball 2-2: Foul Ball, location: 2F 2-2: Ball 3-2: Base on Balls
|
|
Pinch Hitting: RHB Mike Gangi
|
0-0: Called Strike 0-1: Called Strike 0-2: Strikes out swinging
|
| Top of the 9th over - 0 runs, 1 hit, 0 errors, 2 left on base; University of California 2 - Washington State University 3 |
|